[Event "Late-Titled-Tuesday-Blitz-February-20-2024"]
[Site "Chess.com"]
[Date "2024.02.20"]
[Round "8"]
[White "WindWhistler11"]
[Black "reevecanada"]
[Result "0-1"]
[WhiteElo "2494"]
[BlackElo "2619"]
[TimeControl "180+1"]
[EndTime "15:29:44 PST"]
[Termination "reevecanada won by checkmate"]

1. c4 c6 2. Nf3 d5 3. g3 Nf6 4. Bg2 g6 5. O-O Bg7 6. e3 O-O 7. Qe2 b6 8. d3 dxc4 9. dxc4 Qc7 10. e4 e5 11. Nc3 Nbd7 12. b3 Bb7 13. Ba3 Rfd8 14.
Rad1 Bf8 15. Bxf8 Nxf8 16. Qe3 Ne6 17. Bh3 Nc5 18. b4 Ncd7 19. Qh6 Nf8 20. Qg5 Kg7 21.
Nh4 Ng8 22. c5 f6 23. Qe3 bxc5 24. Qxc5 Bc8 25. Bxc8 Raxc8 26. Ng2 Ne6 27. Qc4 Nd4 28. f4 Ne7 29. Kh1 c5 30. b5 Qb8 31. Ne3 Qb7 32.
fxe5 Ng8 33. Ng4 fxe5 34. Nxe5 Nf6 35. Nc6 Nxc6 36. bxc6 Qxc6 37. Nd5 Nxd5 38. exd5 Qd6 39. Qc3+ Kg8 40. Rf6 Qe7 41. Re6 Qxe6 42. dxe6 Rxd1+ 43. Kg2 Re8 44. e7 Rd7 45. Qc4+ Kg7 46. Qc3+ Kf7 47.
Qc4+ Kxe7 48. Qxc5+ Kd8 49. Qa5+ Kc8 50. Kh3 Rc7 51. Qa4 Re6 52. Qg4 Re7 53. Qc4+ Kd7 54. Qd4+ Ke8 55. Qh8+ Kd7 56. Qd4+ Rd6 57. Qa4+ Ke6 58.
Qg4+ Kf7 59. Qf4+ Rf6 60. Qb4 h5 61. Qc4+ Kg7 62. Qb4 Ref7 63. Qb3 g5 64. Qd5 Kg6 65. Qd3+ Rf5 66. Qd6+ Kg7 67. Qd4+ Kh7 68. Qd3 a5 69. a3 Kh6 70. Qd2 Kg6 71. Qd6+ R5f6 72.
Qd5 a4 73. Qe4+ Kh6 74. Qxa4 Rf2 75. Qc6+ R7f6 76. Qh1 g4+ 77. Kh4 Ra6 78. Qc1+ Kg6 79. Qb1+ Kh6 80. Qc1+ Kg7 81. Qc7+ Kg6 82. Qc5 Rxh2# 0-1

[Event "Late-Titled-Tuesday-Blitz-February-20-2024"]
[Site "Chess.com"]
[Date "2024.02.20"]
[Round "8"]
[White "Hui_Li_Macau"]
[Black "toninhojit"]
[Result "1/2-1/2"]
[WhiteElo "2355"]
[BlackElo "2463"]
[TimeControl "180+1"]
[EndTime "15:30:18 PST"]
[Termination "Game drawn by repetition"]

1. e4 c5 2. Nf3 d6 3. d4 cxd4 4. Nxd4 Nf6 5. Nc3 a6 6. Be2 e6 7. O-O Be7 8. a4 O-O 9. f4 Nc6 10.
Be3 Bd7 11. Nb3 Na5 12. Nxa5 Qxa5 13. Qd2 Qc7 14. Bf3 Bc6 15. a5 Nd7 16. Rfd1 Rfd8 17.
Qf2 Re8 18. h3 Rac8 19. Ne2 Nf6 20. Nc3 d5 21. exd5 Nxd5 22. Nxd5 Bxd5 23. Bxd5 exd5 24. Rxd5 Qxc2 25. Qxc2 Rxc2 26. Rd7 Rxb2 27. Bb6 Bf6 28. Rad1 h6 29. R1d2 Rxd2 30. Rxd2 Re7 31. Kf2 Kh7 32.
Rd5 g6 33. Kf3 Kg7 34. g4 Re1 35. Rd7 Re7 36. Rd5 Bc3 37. Rd3 Bb4 38. Rb3 Bd6 39. Rd3 Bc7 40. Bc5 Re6 41. Bd4+ Kf8 42. Rb3 Bxa5 43.
Rxb7 Bd8 44. Rb8 Ke8 45. Ra8 Rc6 46. f5 g5 47. Ke4 Kd7 48. Kd5 Rd6+ 49. Ke4 Rc6 50.
Kd5 Rd6+ 51. Ke4 Bc7 52. Be5 Rc6 53. Bxc7 Kxc7 54. Ra7+ Kd6 55. Rxf7 Rc4+ 56. Kd3 Ra4 57. Rh7 Ra3+ 58. Kd4 Rxh3 59. Ra7 Ra3 60. Rh7 Ra4+ 61. Ke3 Ke5 62. Rxh6 Rxg4 63. Rxa6 Kxf5 64. Kf3 Rb4 65.
Ra5+ Kg6 66. Kg3 Kh5 67. Ra8 Rb3+ 68. Kg2 Kh4 69. Ra4+ g4 70. Ra2 Rg3+ 71. Kh2 Rc3 72. Kg2 Rh3 73. Rb2 Rd3 74. Ra2 Kg5 75. Ra4 Re3 76. Ra8 Re5 77. Rg8+ Kf4 78. Rf8+ Ke4 79. Rg8 Kf4 80. Rf8+ Ke3 81. Rg8 Re4 82. Kg3 Ke2 83. Rxg4 Re3+ 84. Kf4 Re8 85. Rg2+ Kf1 86. Rg7 Rf8+ 87.
Ke3 Re8+ 88. Kf3 Rf8+ 89. Ke3 Re8+ 90. Kf3 Rf8+ 91. Ke3 1/2-1/2

[Event "Late-Titled-Tuesday-Blitz-February-20-2024"]
[Site "Chess.com"]
[Date "2024.02.20"]
[Round "8"]
[White "MyDream003"]
[Black "Njal28"]
[Result "1/2-1/2"]
[WhiteElo "2758"]
[BlackElo "2987"]
[TimeControl "180+1"]
[EndTime "15:30:21 PST"]
[Termination "Game drawn by stalemate"]

1. e4 e5 2. Nf3 Nc6 3. Bb5 a6 4. Ba4 d6 5. c3 Bd7 6. O-O Nge7 7.
d4 Ng6 8. Be3 Be7 9. Nbd2 O-O 10. Re1 exd4 11. Nxd4 Nxd4 12. Bxd7 Nc2 13. Qxc2 Qxd7 14.
Rad1 Kh8 15. Nf3 Qb5 16. c4 Qe8 17. c5 dxc5 18. Bxc5 Qc6 19. Rc1 Qxc5 20. Qxc5 Bxc5 21. Rxc5 c6 22. h4 Rad8 23. g3 Rfe8 24. h5 Nf8 25.
Rf5 Kg8 26. Re3 Ne6 27. Kg2 Re7 28. Ra5 h6 29. e5 Red7 30. Raa3 Rd5 31. Rab3 b5 32.
Rbc3 c5 33. b3 Rd1 34. Rc2 Ra1 35. Re1 Rdd1 36. Rxd1 Rxd1 37. Rd2 Ra1 38. Rc2 Kf8 39. Nd2 Rd1 40. Ne4 Rd5 41. f4 Ke7 42. Kf2 f5 43. Nd6 Nd4 44. Rd2 Ke6 45. Ne8 Kf7 46.
Nc7 Rd8 47. Nxa6 c4 48. bxc4 bxc4 49. Nb4 Rb8 50. a3 Nb5 51. Rd7+ Kg8 52. Nc6 Ra8 53. Ne7+ Kf8 54. Nxf5 c3 55. e6 c2 56. Rf7+ Kg8 57.
Rxg7+ Kh8 58. Rg6 c1=Q 59. Rxh6+ Kg8 60. Rg6+ Kf8 61. Rf6+ Ke8 62. Ng7+ Ke7 63. Rf7+ Kd6 64. Rd7+ Kc6 65. Kf3 Qh1+ 66. Kg4 Rg8 67. f5 Nd6 68. Kg5 Qe4 69. g4 Ne8 70. h6 Qe3+ 71. Kg6 Nxg7 72. Rxg7 Rh8 73. h7 Qd4 74. g5 Qe4 75. Rf7 Rd8 76. e7 Re8 77. Kg7 Rxe7 78. h8=Q Qe5+ 79.
f6 Qxg5+ 80. Kf8 Re1 81. Re7 Rf1 82. Re6+ Kd5 83. Kf7 Rb1 84. Qd8+ Kc4 85. Qc7+ Kb3 86. Rb6+ Ka2 87. Rxb1 Qh5+ 88. Ke7 Qh7+ 89. Kd6 Qxb1 90. Qe7 Qb3 91. Kd7 Qa4+ 92. Kd8 Qa8+ 93. Kd7 Qd5+ 94. Qd6 Qb7+ 95. Ke6 Qb3+ 96. Qd5 Kb2 97. Qxb3+ Ka1 98. f7 1/2-1/2

[Event "Late-Titled-Tuesday-Blitz-February-20-2024"]
[Site "Chess.com"]
[Date "2024.02.20"]
[Round "8"]
[White "Sanan_Sjugirov"]
[Black "vi_pranav"]
[Result "1/2-1/2"]
[WhiteElo "2887"]
[BlackElo "3012"]
[TimeControl "180+1"]
[EndTime "15:30:28 PST"]
[Termination "Game drawn by repetition"]

1. e4 e5 2. Nf3 Nc6 3. Bb5 a6 4.
Ba4 Nf6 5. O-O b5 6. Bb3 Bc5 7. c3 d6 8. a4 Bg4 9. d3 h6 10.
Nbd2 O-O 11. h3 Bd7 12. Re1 Re8 13. Nf1 Rb8 14. Ng3 Bb6 15. axb5 axb5 16. d4 Ra8 17. Rxa8 Qxa8 18. dxe5 Nxe5 19. Nxe5 Rxe5 20. Bf4 Re8 21. e5 dxe5 22. Bxe5 Be6 23. Bc2 Rd8 24. Qc1 Nd7 25. Bxg7 Kxg7 26. Nh5+ Kf8 27. Qxh6+ Ke7 28. Qg5+ Kd6 29.
Rd1+ Bd5 30. Qf4+ Ke7 31. Qg5+ Kd6 32. Nf4 c6 33. Be4 Rg8 34. Qh6+ Kc7 35. Bxd5 cxd5 36. Nxd5+ Kb7 37. Qd6 Qe8 38. Nb4 Nb8 39. Qd5+ Kc7 40. Qf3 Kc8 41. Nd5 Bd8 42. c4 b4 43.
c5 Qc6 44. Qxf7 Rg5 45. Qf3 Kb7 46. Qf7+ Nd7 47. Ne3 Kc8 48. Qf4 Rxc5 49. Qxb4 Bc7 50. Qg4 Rc1 51. h4 Rxd1+ 52. Qxd1 Ne5 53. h5 Qh6 54.
Nd5 Bd8 55. Qc2+ Nc6 56. Nb4 Kb7 57. Qxc6+ Qxc6 58. Nxc6 Kxc6 59. g4 Bf6 60. Kg2 Bxb2 61. g5 Kd6 62. Kg3 Ke6 63. Kg4 Bc1 64. f4 Bb2 65.
f5+ Kf7 66. h6 Ba1 67. Kh5 Bb2 68. g6+ Kf6 69. h7 Kg7 70. Kg5 Kh8 71. Kf4 Kg7 72. Ke4 Kh8 73. Kd5 Kg7 74. Ke6 Kh8 75. Kf7 Ba1 76.
Ke7 Bg7 77. Ke6 Ba1 78. Kd6 Bg7 79. Kd7 Ba1 80. Ke8 Bg7 81. Kf7 Ba1 82. Ke6 Bg7 83. Kd5 Ba1 84. Ke4 Bg7 85. Kf4 Ba1 86. Kg5 Bg7 87. Kh5 Ba1 88. Kg4 Bf6 89. Kf4 Bg7 90.
Ke4 Bf6 91. Kd5 Bg7 92. Ke6 Ba1 93. Kf7 Bg7 94. Ke6 1/2-1/2

[Event "Late-Titled-Tuesday-Blitz-February-20-2024"]
[Site "Chess.com"]
[Date "2024.02.20"]
[Round "8"]
[White "Muracle"]
[Black "IMRosen"]
[Result "1/2-1/2"]
[WhiteElo "2486"]
[BlackElo "2672"]
[TimeControl "180+1"]
[EndTime "15:30:35 PST"]
[Termination "Game drawn by 50-move rule"]

1. Nf3 d5 2. b3 Nf6 3. Bb2 Bg4 4. Ne5 h5 5. Nxg4 hxg4 6. g3 Nbd7 7. h4 e5 8. Bg2 Bd6 9. d3 Qe7 10. Nd2 c6 11. e4 d4 12. Nc4 Bc7 13. a4 b6 14.
Ba3 c5 15. Qd2 a6 16. Nb2 b5 17. b4 a5 18. c3 dxc3 19. Qxc3 Qd8 20. Rc1 Rc8 21.
axb5 axb4 22. Bxb4 cxb4 23. Qb3 O-O 24. O-O Bd6 25.
Nc4 Bc5 26. Ra1 Ra8 27. Ra6 Rxa6 28. bxa6 Qa8 29. Ra1 Qa7 30. Ra2 Rc8 31. Bf1 Rc6 32. Qa4 Re6 33. Qb5 b3 34. Qxb3 Rxa6 35. Rxa6 Qxa6 36. d4 Bxd4 37. Nxe5 Bxf2+ 38. Kg2 Qa7 39. Qxf7+ Kh8 40. Ng6+ Kh7 41. e5 Bg1 42. Nf8+ Kh8 43. Ng6+ Kh7 44. Nf8+ Nxf8 45. Qxa7 Bxa7 46. exf6 gxf6 47.
Bd3+ Kg7 48. Bf5 Ng6 49. Bxg4 Ne5 50. Bf5 Nf7 51. Kh3 Nh6 52. Be6 Bd4 53. g4 Be3 54. g5 fxg5 55. hxg5 Bxg5 56. Kg3 Kf6 57. Bh3 Ke5 58. Bc8 Bf4+ 59. Kf3 Nf7 60. Kg4 Bc1 61. Bb7 Kd4 62. Kf3 Ne5+ 63. Kg3 Ke3 64. Ba8 Bb2 65. Kh4 Kf4 66. Kh5 Kf5 67. Kh6 Bc1+ 68. Kh7 Kf6 69. Bd5 Bg5 70. Kg8 Nd7 71. Bb3 Bh6 72.
Kh7 Bg7 73. Bc2 Nf8+ 74. Kg8 Ne6 75. Bb3 Ng5 76. Bc2 Nf3 77. Bd1 Nd4 78. Bg4 Kg6 79.
Bd7 Kf6 80. Bg4 Nc6 81. Bf3 Ne7+ 82. Kh7 Bf8 83. Bh5 Nf5 84. Bg6 Nh4 85. Bh5 Ke7 86.
Bd1 Kf7 87. Bh5+ Kf6 88. Bd1 Ng2 89. Bf3 Ne3 90. Be4 Bg7 91. Kg8 Ng4 92. Kh7 Ne5 93.
Bb1 Nd7 94. Ba2 Ne5 95. Kg8 Kg6 96. Bb1+ Kh6 97. Bc2 Bf6 98. Kf8 Kg5 99. Ke8 Kf4 100. Kf8 Ke3 101. Kg8 Kd2 102. Bf5 Kc3 103. Kh7 Kd4 104. Be6 Kc5 105. Kh6 Kd6 1/2-1/2

[Event "Late-Titled-Tuesday-Blitz-February-20-2024"]
[Site "Chess.com"]
[Date "2024.02.20"]
[Round "8"]
[White "Andrei_Skvortsov"]
[Black "ahkashefi2800"]
[Result "0-1"]
[WhiteElo "2688"]
[BlackElo "2570"]
[TimeControl "180+1"]
[EndTime "15:30:40 PST"]
[Termination "ahkashefi2800 won on time"]

1. e4 c6 2. d4 d5 3. e5 Bf5 4. c4 e6 5. Nc3 Ne7 6. a3 dxc4 7. Bxc4 Nd7 8. Nge2 Nd5 9. Nxd5 cxd5 10. Bd3 Bg6 11. h4 Be7 12. h5 Bxd3 13. Qxd3 Rc8 14. h6 g6 15. Bd2 O-O 16. g3 Qb6 17. b4 Rc4 18.
Kf1 Rfc8 19. Kg2 Qc6 20. Rhc1 b5 21. Rc3 Nb6 22. Rb3 Na4 23. Rab1 a6 24. Ra1 Qe8 25. Be3 Qf8 26. Nf4 Rc2 27. Qf1 Nb2 28. Nd3 Nc4 29.
Bf4 g5 30. Bc1 Qxh6 31. Qd1 Qg6 32. Kg1 Nb6 33. Nc5 h5 34. Rd3 Rc4 35. Kg2 Bxc5 36.
bxc5 Nd7 37. Ra2 Nb8 38. Re2 Nc6 39. Be3 a5 40. Qd2 g4 41. Re1 Qe4+ 42. Kg1 b4 43.
axb4 axb4 44. Ra1 Rb8 45. Rb1 Nxd4 46. Bxd4 Rxd4 47. Qg5+ Kf8 48. Qh6+ Ke7 49. Qf6+ Ke8 50. Qh8+ Kd7 51. Qxb8 Qxd3 52. Rxb4 Rxb4 53. Qxb4 Qd1+ 54. Kh2 Qf3 55. Qb7+ Ke8 56. Qb8+ Ke7 57. Qa7+ Kf8 58. c6 h4 59. gxh4 Qf4+ 60. Kg2 Qe4+ 61. Kf1 Qc4+ 62.
Kg1 Qxc6 63. Qa3+ Kg7 64. Qe3 Qc4 65. h5 Kh7 66. Qg5 Qe4 67. Qf6 Qf5 68. Qe7 Kg7 69. h6+ Kxh6 70. Qf8+ Kh7 71. Kf1 Qf3 72. Kg1 g3 73.
fxg3 Qxg3+ 74. Kf1 Qf4+ 75. Kg1 Qg4+ 76. Kf2 Qf4+ 77.
Kg2 Qg5+ 78. Kf3 Qf5+ 79. Kg2 d4 80. Qd6 d3 81. Kg3 Kg6 82. Kg2 Qg4+ 83. Kf2 Qe2+ 84.
Kg3 Qe1+ 85. Kg2 Qe4+ 86. Kg3 Kf5 87. Qe7 Qxe5+ 88. Kf3 Qe2+ 89. Kg3 f6 90. Qh7+ Ke5 91. Qc7+ Ke4 92. Qc6+ Kf5 93. Qc3 Qe5+ 0-1

[Event "Late-Titled-Tuesday-Blitz-February-20-2024"]
[Site "Chess.com"]
[Date "2024.02.20"]
[Round "8"]
[White "adwilhans"]
[Black "Vasily85"]
[Result "0-1"]
[WhiteElo "2336"]
[BlackElo "2462"]
[TimeControl "180+1"]
[EndTime "15:30:46 PST"]
[Termination "Vasily85 won on time"]

1. e4 c6 2. d4 d5 3. Nc3 dxe4 4. Nxe4 Nd7 5. Ng5 e6 6. Bd3 Ngf6 7. N1f3 Bd6 8. Qe2 h6 9. Ne4 Nxe4 10. Qxe4 Nf6 11.
Qe2 b6 12. O-O Bb7 13. Ba6 Qc7 14. Bxb7 Qxb7 15. c4 O-O 16. Be3 Rfd8 17. Rfd1 c5 18.
Rac1 Rac8 19. b3 Qe4 20. h3 Nh5 21. Nd2 Nf4 22. Qg4 h5 23. Nxe4 hxg4 24. Nxd6 Ne2+ 25. Kf1 Nxc1 26. Nxc8 Nxa2 27. Ne7+ Kf8 28. Nc6 Rd7 29. Ke1 Nc3 30. Rd3 gxh3 31. gxh3 Ne4 32. Ke2 Rc7 33.
Ne5 f6 34. Ng6+ Kf7 35. Nf4 cxd4 36. Rxd4 Nc5 37. b4 e5 38. Rd5 exf4 39. bxc5 fxe3 40. cxb6 axb6 41. Rd6 exf2 42. Rxb6 Rxc4 43. Kxf2 g5 44. Kg3 Rh4 45. Ra6 Kg6 46. Rb6 Rh6 47. Ra6 Kf5 48. Ra5+ Ke4 49. Ra4+ Kd5 50. Ra5+ Kd6 51. Ra6+ Ke7 52. Ra7+ Ke6 53. Ra6+ Kf7 54. Rb6 Rh7 55.
Ra6 Kg6 56. Rb6 Rd7 57. Ra6 Rd3+ 58. Kg2 Re3 59. Rb6 Kf5 60. Ra6 Ke5 61. Ra5+ Kf4 62.
Ra4+ Re4 63. Ra2 f5 64. Kf2 Rd4 65. Re2 Rd3 66. Kg2 Rg3+ 67. Kh2 Re3 68. Rf2+ Ke4 69. Rg2 Kf4 70. Rf2+ Rf3 71. Rg2 Rf1 72. Ra2 Re1 73. Rf2+ Ke5 74. Rg2 Kf6 75. Ra2 f4 76. Kg2 Re4 77.
Ra6+ Kf5 78. Ra5+ Re5 79. Ra4 Re3 80. Ra5+ Kg6 81. Ra6+ Kh5 82. Ra8 Re2+ 83. Kf3 Re3+ 84. Kg2 Rg3+ 85. Kh2 Kg6 86. Ra7 Re3 87. Ra6+ Kh5 88.
Ra8 Rd3 89. Kg2 Kg6 90. Ra6+ Kf5 91. Ra5+ Kf6 92. Ra6+ Ke5 93. Ra5+ Rd5 94. Ra4 Kf5 95. Ra8 Rc5 96. Rf8+ Ke4 97. Re8+ Re5 98. Rg8 Ke3 0-1

[Event "Late-Titled-Tuesday-Blitz-February-20-2024"]
[Site "Chess.com"]
[Date "2024.02.20"]
[Round "9"]
[White "Jadro9"]
[Black "dretch"]
[Result "0-1"]
[WhiteElo "2634"]
[BlackElo "2869"]
[TimeControl "180+1"]
[EndTime "15:39:00 PST"]
[Termination "dretch won by resignation"]

1. e4 e6 2. Qe2 d5 3. exd5 Qxd5 4. Nc3 Qa5 5. g3 Nc6 6. Bg2 Nd4 7. Qd3 Bc5 8. Nge2 Nxe2 9. Qxe2 Nf6 10. O-O O-O 11. a3 Bd4 12. Nb5 Bb6 13. d3 Qxb5 0-1

[Event "Late-Titled-Tuesday-Blitz-February-20-2024"]
[Site "Chess.com"]
[Date "2024.02.20"]
[Round "9"]
[White "Phamtrangiaphuc2009"]
[Black "MyDream003"]
[Result "1-0"]
[WhiteElo "2478"]
[BlackElo "2744"]
[TimeControl "180+1"]
[EndTime "15:39:08 PST"]
[Termination "Phamtrangiaphuc2009 won by resignation"]

1. e4 e5 2. Nf3 Nc6 3. Nc3 Nf6 4. Bb5 Nd4 5. Bc4 Bc5 6. Nxe5 Qe7 7. Nf3 d5 8. Nxd5 Qxe4+ 9. Ne3 Bg4 10. Be2 Nxe2 11. Qxe2 Bxf3 12. Qxf3 Qxf3 13. gxf3 O-O-O 14. d3 Rhe8 15. Bd2 Nd5 16. Ke2 Nf4+ 17. Kf1 Re6 18. Rg1 Rh6 19.
Ng4 Rb6 20. Bxf4 Rxb2 21. Be3 Rxd3 1-0

[Event "Late-Titled-Tuesday-Blitz-February-20-2024"]
[Site "Chess.com"]
[Date "2024.02.20"]
[Round "9"]
[White "chessydotcom"]
[Black "STAYFlow"]
[Result "0-1"]
[WhiteElo "2206"]
[BlackElo "2372"]
[TimeControl "180+1"]
[EndTime "15:39:32 PST"]
[Termination "STAYFlow won by resignation"]

1. e4 c5 2. Nf3 d6 3. d4 cxd4 4.
Nxd4 Nf6 5. Nc3 Nc6 6. Bb5 Bd7 7. Bg5 e6 8. Qd2 Be7 9. O-O-O O-O 10. Kb1 a6 11.
Be2 Nxd4 12. Qxd4 Qa5 13. Bxf6 gxf6 14. Qxd6 Bxd6 0-1

[Event "Late-Titled-Tuesday-Blitz-February-20-2024"]
[Site "Chess.com"]
[Date "2024.02.20"]
[Round "9"]
[White "ArchibaldCerveza29"]
[Black "miraitrunks"]
[Result "1-0"]
[WhiteElo "2427"]
[BlackElo "2194"]
[TimeControl "180+1"]
[EndTime "15:39:33 PST"]
[Termination "ArchibaldCerveza29 won by resignation"]

1. e4 c5 2. Nc3 d6 3. g3 Nf6 4.
Bg2 g6 5. Nge2 Bg7 6. O-O O-O 7. d3 Nc6 8. f4 Rb8 9. a4 a6 10. h3 Nd4 11. g4 Nxe2+ 12. Qxe2 b5 13. axb5 axb5 14. g5 Nh5 15. Kh2 e5 16. f5 b4 17.
Nd5 Bb7 18. f6 Bh8 19. Ne7+ 1-0

[Event "Late-Titled-Tuesday-Blitz-February-20-2024"]
[Site "Chess.com"]
[Date "2024.02.20"]
[Round "9"]
[White "Beca95"]
[Black "Oleksandr_Bortnyk"]
[Result "1-0"]
[WhiteElo "2911"]
[BlackElo "3048"]
[TimeControl "180+1"]
[EndTime "15:39:43 PST"]
[Termination "Beca95 won by checkmate"]

1. d4 d6 2. Nf3 Nf6 3. c4 g6 4.
Nc3 Bg7 5. e4 O-O 6. Bd3 Bg4 7. Be2 Nfd7 8. Be3 Nc6 9. d5 Nce5 10.
Rc1 Bxf3 11. gxf3 Nb6 12. b3 e6 13. f4 Ned7 14. h4 exd5 15. cxd5 f5 16. h5 Bxc3+ 17.
Rxc3 fxe4 18. hxg6 hxg6 19. Bg4 Nf6 20. Be6+ Kg7 21.
Bd4 Qe7 22. Qg4 Rh8 23. Qxg6+ Kxg6 24. Rg3+ Ng4 25. Rxg4+ Qg5 26. Rxg5# 1-0

[Event "Late-Titled-Tuesday-Blitz-February-20-2024"]
[Site "Chess.com"]
[Date "2024.02.20"]
[Round "9"]
[White "Godzillator"]
[Black "pfalcon1949"]
[Result "1-0"]
[WhiteElo "2326"]
[BlackElo "2016"]
[TimeControl "180+1"]
[EndTime "15:40:12 PST"]
[Termination "Godzillator won by resignation"]

1. Nf3 c5 2. c3 Nc6 3. d4 cxd4 4.
cxd4 d5 5. Bf4 Nf6 6. Nc3 e6 7.
e3 a6 8. Bd3 Bd6 9. Bg3 O-O 10.
Rc1 Re8 11. Bb1 Bxg3 12. hxg3 h6 13. O-O Bd7 14. a3 Na5 15. Ne5 Rc8 16. Qd3 g6 17.
Nxg6 fxg6 18. Qxg6+ Kh8 19. Qxh6+ Kg8 20. g4 Qe7 21. g5 Ne4 22. Bxe4 dxe4 23. Nxe4 Rxc1 24. Nf6+ 1-0

[Event "Late-Titled-Tuesday-Blitz-February-20-2024"]
[Site "Chess.com"]
[Date "2024.02.20"]
[Round "9"]
[White "SouS007"]
[Black "jamengrand"]
[Result "0-1"]
[WhiteElo "2483"]
[BlackElo "2371"]
[TimeControl "180+1"]
[EndTime "15:40:25 PST"]
[Termination "jamengrand won by checkmate"]

1. e4 c5 2. Nf3 Nc6 3. d4 cxd4 4. Nxd4 g6 5. c4 Bg7 6. Be3 Nf6 7. Nc3 O-O 8. Be2 d6 9. f3 Nxd4 10. Bxd4 Bd7 11.
O-O Bc6 12. Qd2 a5 13. Rac1 Nd7 14. Be3 Nc5 15. Rfd1 Be5 16. Bf1 e6 17. Qf2 Qf6 18.
h4 Rfd8 19. Bg5 Qg7 20. Bxd8 Rxd8 21. Qe3 h6 22. b3 Qf6 23. Ne2 Qxh4 24. a3 Bh2+ 25.
Kh1 Bg3+ 26. Kg1 Qh2# 0-1

[Event "Late-Titled-Tuesday-Blitz-February-20-2024"]
[Site "Chess.com"]
[Date "2024.02.20"]
[Round "9"]
[White "Malev212"]
[Black "Muracle"]
[Result "0-1"]
[WhiteElo "2649"]
[BlackElo "2498"]
[TimeControl "180+1"]
[EndTime "15:40:32 PST"]
[Termination "Muracle won by resignation"]

1. e4 c6 2. d4 d5 3. exd5 cxd5 4. Bd3 Nc6 5. c3 Nf6 6. Bf4 Bg4 7. Nf3 Qd7 8. Nbd2 e6 9. Qb1 Bd6 10. Bxd6 Qxd6 11. O-O O-O 12. Re1 Bh5 13. Ne5 Bg6 14. Nxg6 hxg6 15. Nf3 Nd7 16. h4 e5 17. dxe5 Ndxe5 18. Nxe5 Nxe5 19. Be2 Rae8 20. Qd1 Re6 21. Qd2 Rfe8 22.
Rad1 Qe7 23. Rf1 Qxh4 24. Qxd5 g5 25. Rd4 g4 26. Bb5 Rh6 0-1

[Event "Late-Titled-Tuesday-Blitz-February-20-2024"]
[Site "Chess.com"]
[Date "2024.02.20"]
[Round "9"]
[White "ArtemDyachuk"]
[Black "Tunahan_Makaraci"]
[Result "1-0"]
[WhiteElo "2671"]
[BlackElo "2526"]
[TimeControl "180+1"]
[EndTime "15:40:34 PST"]
[Termination "ArtemDyachuk won by resignation"]

1. e4 Nf6 2. e5 Nd5 3. d4 d6 4. c4 Nb6 5. f4 dxe5 6. fxe5 Bf5 7.
Nc3 e6 8. Nf3 Bb4 9. Bd3 Bg6 10.
O-O c5 11. Bg5 Qd7 12. Bxg6 hxg6 13. Ne4 O-O 14. Bf6 Nc6 15. a3 Nxd4 16. axb4 Nxf3+ 17. Qxf3 Qd4+ 18. Kh1 gxf6 19. Nxf6+ Kg7 20. bxc5 Nxc4 21. Ng4 Qd8 22. Qf4 1-0

[Event "Late-Titled-Tuesday-Blitz-February-20-2024"]
[Site "Chess.com"]
[Date "2024.02.20"]
[Round "9"]
[White "northridgehawk"]
[Black "ridnani1"]
[Result "0-1"]
[WhiteElo "2267"]
[BlackElo "2393"]
[TimeControl "180+1"]
[EndTime "15:40:48 PST"]
[Termination "ridnani1 won by checkmate"]

1. d4 Nf6 2. Nc3 d5 3. Bf4 g6 4. e3 Bg7 5. h4 h5 6. Bd3 O-O 7. f3 c5 8. Qd2 Nc6 9. dxc5 Nd7 10. Nxd5 Nxc5 11. Nc3 Nb4 12. O-O-O Bxc3 13. bxc3 Nxa2+ 14. Kb2 Qa5 15. Ra1 Be6 16. Ne2 Qb6+ 17. Ka3 Qa5+ 18.
Kb2 Na4+ 19. Ka3 N4xc3+ 20. Kb2 Qb4# 0-1

[Event "Late-Titled-Tuesday-Blitz-February-20-2024"]
[Site "Chess.com"]
[Date "2024.02.20"]
[Round "9"]
[White "DraningWaterHi"]
[Black "ajeale2"]
[Result "0-1"]
[WhiteElo "2263"]
[BlackElo "2496"]
[TimeControl "180+1"]
[EndTime "15:40:58 PST"]
[Termination "ajeale2 won by resignation"]

1. d4 g6 2. e4 Bg7 3. g3 d6 4.
Bg2 Nd7 5. Nf3 e5 6. O-O Ne7 7. c4 O-O 8. Nc3 c6 9. d5 Qc7 10.
Ne1 f5 11. Nd3 Nf6 12. f3 Bd7 13. Be3 fxe4 14. fxe4 Ng4 15. Bg5 Rxf1+ 16. Bxf1 Re8 17. b4 cxd5 18. Bxe7 Qxc4 19. Nxd5 Qd4+ 20. Kh1 Qxe4+ 21.
Bg2 Qxd3 22. Bxd6 Nf2+ 0-1

[Event "Late-Titled-Tuesday-Blitz-February-20-2024"]
[Site "Chess.com"]
[Date "2024.02.20"]
[Round "9"]
[White "Nouali_Mohamed"]
[Black "FREZZY23"]
[Result "1-0"]
[WhiteElo "2558"]
[BlackElo "2426"]
[TimeControl "180+1"]
[EndTime "15:41:03 PST"]
[Termination "Nouali_Mohamed won by resignation"]

1. e4 c5 2. Nf3 d6 3. d4 cxd4 4. Nxd4 Nf6 5. Nc3 a6 6. Bc4 e6 7.
Bb3 b5 8. Bg5 Be7 9. Qe2 Qc7 10.
O-O-O Nc6 11. Nxc6 Qxc6 12. f4 Bb7 13. Kb1 h6 14.
Bxf6 Bxf6 15. Nd5 a5 16. Nxf6+ gxf6 17. Bd5 Qb6 18. Bxb7 Qxb7 19. Rxd6 Ke7 20. Rhd1 Rhd8 21. Qd3 Rxd6 22. Qxd6+ Ke8 23. e5 fxe5 24. f5 exf5 25.
Qxe5+ Kf8 26. Qh8+ Ke7 27. Re1+ Kd7 28. Qf6 Qxg2 29.
Re7+ 1-0

[Event "Late-Titled-Tuesday-Blitz-February-20-2024"]
[Site "Chess.com"]
[Date "2024.02.20"]
[Round "9"]
[White "Zavgorodniy_Sergiy"]
[Black "DanielNaroditsky"]
[Result "0-1"]
[WhiteElo "2637"]
[BlackElo "3082"]
[TimeControl "180+1"]
[EndTime "15:41:13 PST"]
[Termination "DanielNaroditsky won by resignation"]

1. e4 c5 2. Nc3 a6 3. a4 Nc6 4. f4 e6 5. Nf3 d5 6. e5 Nge7 7. d3 Nf5 8. Bd2 Be7 9. g3 h5 10. Bg2 h4 11. g4 h3 12. Bf1 Bh4+ 13. Ke2 Ncd4+ 14. Nxd4 Nxd4+ 15. Ke3 g5 16. Be1 gxf4+ 17. Kd2 Bxe1+ 18. Kxe1 f3 19. Qd2 Qh4+ 20. Kd1 Qxg4 21. Qf2 Qf4 22. Rg1 Bd7 23. Rg3 Qxe5 24. Bxh3 Ke7 25. Bg4 Rag8 26. Bxf3 Rxg3 27. hxg3 Qf6 0-1

[Event "Late-Titled-Tuesday-Blitz-February-20-2024"]
[Site "Chess.com"]
[Date "2024.02.20"]
[Round "9"]
[White "SocoLoco"]
[Black "giomar27"]
[Result "0-1"]
[WhiteElo "2201"]
[BlackElo "2435"]
[TimeControl "180+1"]
[EndTime "15:41:21 PST"]
[Termination "giomar27 won on time"]

1. e4 f6 2. d4 g6 3. Nc3 Nh6 4. Bd3 Nf7 5. Nf3 Bg7 6. O-O O-O 7. Re1 d6 8. h3 e5 9. Be3 Nc6 10. Qd2 f5 11. d5 Ne7 12. Bg5 h6 13. Bxe7 Qxe7 14.
a4 f4 15. b4 g5 16. b5 h5 17. Nh2 g4 18. hxg4 hxg4 19. Be2 Qh4 20. Nf1 Ng5 21.
Ra3 Rf6 22. g3 Qh5 23. Bc4 Rh6 0-1

[Event "Late-Titled-Tuesday-Blitz-February-20-2024"]
[Site "Chess.com"]
[Date "2024.02.20"]
[Round "9"]
[White "Practical-Play"]
[Black "HamedWafa4"]
[Result "0-1"]
[WhiteElo "2547"]
[BlackElo "2725"]
[TimeControl "180+1"]
[EndTime "15:41:47 PST"]
[Termination "HamedWafa4 won by resignation"]

1. e4 e5 2. Nf3 d6 3. c3 Nf6 4. h3 c6 5. Bd3 d5 6. Nxe5 dxe4 7. Bc4 Nd5 8. O-O Bd6 9. d4 exd3 10. Re1 O-O 11. Bxd3 Nd7 12. Nxd7 Qxd7 13. Qh5 g6 14. Qh4 Re8 15. Rd1 Qe6 16. Bh6 Qe5 17. g3 Be7 18. Qe4 Qh5 0-1

[Event "Late-Titled-Tuesday-Blitz-February-20-2024"]
[Site "Chess.com"]
[Date "2024.02.20"]
[Round "9"]
[White "babero_gordo"]
[Black "dolynachess"]
[Result "0-1"]
[WhiteElo "2191"]
[BlackElo "2455"]
[TimeControl "180+1"]
[EndTime "15:41:51 PST"]
[Termination "dolynachess won by resignation"]

1. e4 c5 2. d4 cxd4 3. c3 d3 4. Bxd3 d6 5. Nf3 Nf6 6. h3 Nc6 7. O-O g6 8. c4 Bg7 9. Nc3 O-O 10.
Be3 a6 11. Qd2 Rb8 12. Be2 Qa5 13. a3 Be6 14. b4 Qc7 15. Nd5 Qd7 16. Nb6 Qd8 17.
Bd3 Nd7 18. Nxd7 Qxd7 19. Rad1 Rfc8 20. Bh6 Ne5 21. Bxg7 Nxf3+ 22. gxf3 Kxg7 23. Rc1 Bxh3 24. Qg5 Bxf1 25. Bxf1 Qe6 26. c5 Qe5 27. Qe3 dxc5 28. bxc5 g5 29. Rc4 Rc7 30. Qc1 Rbc8 31. c6 Rxc6 32.
Qc2 Rxc4 0-1

[Event "Late-Titled-Tuesday-Blitz-February-20-2024"]
[Site "Chess.com"]
[Date "2024.02.20"]
[Round "9"]
[White "zverr1"]
[Black "gahryman"]
[Result "1-0"]
[WhiteElo "2586"]
[BlackElo "2696"]
[TimeControl "180+1"]
[EndTime "15:41:58 PST"]
[Termination "zverr1 won by resignation"]

1. e4 c5 2. Nf3 Nc6 3. d4 cxd4 4. Nxd4 e5 5. Nb5 d6 6. N1c3 a6 7. Na3 Be7 8. Nd5 Nf6 9. Be3 b5 10. Bb6 Qd7 11. Nc7+ Kf8 12. Nxa8 Qb7 13. Bd3 Qxa8 14.
Nb1 h5 15. Nc3 h4 16. Be3 h3 17. g3 Bg4 18. Be2 Be6 19. f3 Qb8 20. Qd2 Nd4 21. Bxd4 exd4 22. Qxd4 b4 23. Nd5 Nxd5 24. exd5 Bf6 25.
Qd3 Bxb2 26. Rb1 Bf5 27. Qxf5 Bc3+ 28. Kf1 Qb6 29. Qc8+ Ke7 30. Qxc3 1-0